 Dungeon Crawl Stone Soup version 0.31.0-32-g396128a36d (webtiles) character file.

Game seed: 2192280826809965031

72 bane2007 the Grave Robber (level 4, 0/30 HPs)
             Began as a Vampire Necromancer on Apr 9, 2024.
             Was a Believer of Jiyva.
             Slain by a gnoll
             ... wielding a +0 halberd
              (3 damage)
             ... on level 3 of the Dungeon.
             The game lasted 00:11:52 (1949 turns).

bane2007 the Grave Robber (Vampire Necromancer)     Turns: 1949, Time: 00:11:53

Health: 0/30       AC:  2    Str: 10    XL:     4   Next: 6%
Magic:  16/16      EV: 13    Int: 17    God:    Jiyva [**....]
Gold:   82         SH:  0    Dex: 16    Spells: 5/7 levels left

rFire   . . .        k - staff of death
rCold   + . .        (no shield)
rNeg    + + .        a - +0 robe
rPois   .            (no helmet)
rElec   +            (no cloak)
rCorr   +            (no gloves)
SInv    +            (no boots)
Will    .....        (no amulet)
Stlth   ++           d - ring of protection from cold
HPRegen 1.41/turn    j - ring "Ginoipir" {rElec rN+ MP+9 Str+3}
MPRegen 0.63/turn

%: no passive effects
@: healing quickly
A: alive, fangs 3, see invisible, vampiric 2
a: Exsanguinate, Renounce Religion


You were on level 3 of the Dungeon.
You worshipped Jiyva.
Jiyva was pleased with you.
You visited 1 branch of the dungeon, and saw 3 of its levels.

You collected 82 gold pieces.

Inventory:

Hand Weapons
 f - a +2 dagger
Armour
 a - a +0 robe (worn)
Magical Staves
 k - a staff of death (weapon)
Jewellery
 d - a ring of protection from cold (left hand)
 j - the ring "Ginoipir" (right hand) {rElec rN+ MP+9 Str+3}
   (You found it on level 2 of the Dungeon)

   [ring of positive energy]

   Str+3:     It affects your strength (+3).
   rElec:     It insulates you from electricity.
   rN+:       It protects you from negative energy.
   MP+9:      It affects your magic capacity (+9).
Wands
 h - a wand of charming (8)
Scrolls
 i - a scroll of blinking
Potions
 b - a potion of magic
 c - a potion of brilliance {unknown}
 e - a potion of heal wounds {unknown}
 g - a potion of curing
 l - a potion of enlightenment


   Skills:
 + Level 0.1 Short Blades
 + Level 2.9 Dodging
 + Level 3.3 Stealth
 + Level 2.4 Spellcasting
 + Level 0.4 Conjurations
 + Level 5.2 Necromancy
 + Level 0.5 Alchemy


You had 5 spell levels left.
You knew the following spells:

 Your Spells              Type           Power      Damage    Failure   Level
a - Necrotise             Necr           100%       1d9       2%          1
b - Sting                 Conj/Alch      12%        1d3       16%         1

Your spell library contained the following spells:

 Spells                   Type           Power      Damage    Failure   Level
 Vampiric Draining        Necr           29%        2d8       6%          3
 Animate Dead             Necr           29%        N/A       22%         4
 Mercury Vapours          Alch/Air       4%         N/A       26%         2
 Curse of Agony           Necr           29%        N/A       52%         5
 Olgreb's Toxic Radiance  Alch           3%         N/A       83%         4


Dungeon Overview and Level Annotations

Branches:
Dungeon (3/15)

Altars:
Jiyva

Shops:
D:1 *=:

Annotations:
D:2 1 runed translucent door, Crazy Yiuf, Sigmund


Innate Abilities, Weirdness & Mutations

Your natural rate of healing is accelerated.
You have razor-sharp teeth.
You have supernaturally acute eyesight. (SInv)
You are afflicted with vampirism and can become a bat while bloodless.


Message History

You hit the ribbon worm.
The ribbon worm is severely wounded.
The ribbon worm closely misses you.
Your magical contamination has completely faded away.
You hit the ribbon worm.
The ribbon worm is almost dead.
The ribbon worm barely misses you.
You hit the ribbon worm.
The ribbon worm writhes in agony.
You kill the ribbon worm!
You see here a ribbon worm corpse.
A gnoll comes into view.
It is wielding a +0 halberd and quivering a throwing net.
You can't see any susceptible monsters within range! (Use Z to cast anyway.)
A gnoll comes into view. It is wielding a +0 club.
You feel a surge of power!
The gnoll shouts!
The gnoll writhes in agony.
The gnoll shouts!
You hear a shout!
A gnoll comes into view. It is wielding a +0 halberd.
The gnoll shouts!
You feel a surge of power!
The gnoll writhes in agony.
You feel a surge of power!
The gnoll barely resists.
A gnoll comes into view. It is wielding a +0 flail.
The gnoll throws a throwing net.
The throwing net hits you.
You become entangled in the net!
You struggle against the net.
The gnoll hits you but does no damage. x2
You struggle against the net.
The gnoll barely misses you.
The gnoll hits you from afar with a +0 halberd!
A ball python comes into view.
You struggle against the net.
The gnoll hits you with a +0 club.
The gnoll hits you from afar with a +0 halberd!
* * * LOW HITPOINT WARNING * * *
You rip the net and break free!
The gnoll barely misses you.
The gnoll hits you from afar with a +0 halberd.
* * * LOW HITPOINT WARNING * * *
The gnoll closely misses you. The gnoll attacks as it pursues you!
The gnoll hits you with a +0 club.
* * * LOW HITPOINT WARNING * * *
The gnoll attacks as it pursues you!
The gnoll hits you from afar with a +0 halberd.
You die...

#......# #......#
#.>....#
####......###S
#.............
#......g......#
#.....g..g....# <#
#...##g# #..###.#
#.....@# #......#
#...#..#####......#
#......)......#.#.#
#..†#.............#
#...##......<.##..#
##.###.>..........#
#.# #............#
#.#####..........#
.
#.#.......#...†..#
#.


You could see 3 gnolls.

Vanquished Creatures
  A bombardier beetle (D:2)
  An adder (D:2)
  A ribbon worm (D:3)
  An endoplasm (D:1)
  A giant cockroach (D:2)
  3 goblins
  A hobgoblin (D:3)
  2 jackals (D:2)
  A kobold (D:2)
  3 quokkas
  6 ball pythons
  A bat (D:2)
  2 frilled lizards
  3 rats
27 creatures vanquished.

Vanquished Creatures (others)
  An adder (D:3)
  An orc (D:3)
  A ball python (D:3)
  A hobgoblin (D:2)
  A frilled lizard (D:3)
5 creatures vanquished.

Grand Total: 32 creatures vanquished

Notes
Turn   | Place    | Note
-------+----------+-------------------------------------------
     0 | D:1      | bane2007 the Vampire Necromancer began the quest for the
                  | Orb.
     0 | D:1      | Reached XP level 1. HP: 13/13 MP: 3/3
   375 | D:1      | Found Ywucipa's Book Emporium.
   375 | D:1      | Found Luemm's Jewellery Shop.
   681 | D:1      | Found a faded altar of an unknown god.
   684 | D:1      | Prayed at the altar of an unknown god.
   684 | D:1      | Became a worshipper of Jiyva Joisau the Shapeless
   684 | D:1      | Reached * piety under Jiyva
   687 | D:1      | Learned a level 1 spell: Sting
   790 | D:1      | Found Jaskatau's General Store.
  1110 | D:2      | Noticed a bombardier beetle
  1114 | D:2      | Killed a bombardier beetle
  1115 | D:2      | Reached skill level 5 in Necromancy
  1115 | D:2      | Reached XP level 2. HP: 19/19 MP: 0/5
  1115 | D:2      | Gained mutation: You are afflicted with vampirism and can
                  | become a bat while bloodless. [Vampire growth]
  1115 | D:2      | Reached XP level 3. HP: 24/24 MP: 0/6
  1163 | D:2      | Reached ** piety under Jiyva
  1273 | D:2      | Identified the ring "Ginoipir" {rElec rN+ MP+9 Str+3}
  1493 | D:2      | Found a runed translucent door.
  1494 | D:2      | Noticed Crazy Yiuf
  1496 | D:2      | Noticed Sigmund
  1841 | D:3      | Reached XP level 4. HP: 30/30 MP: 7/7
  1949 | D:3      | Slain by a gnoll

Illustrated notes

Levels and vault maps discovered:
D:1:      sevenhm_arrival_forest_fort_small_4, layout_basic, serial_shops,
          nicolae_shop_window_shopping, shop, shop,
          chequers_ecumenical_altar_grove, chequers_serial_rivers_small_3,
          st_stairs_1, chequers_hall_statues_wall_a,
          chequers_serial_rivers_micro_b
D:2:      layout_loops_ring, uniq_crazy_yiuf_cottage, uniq_sigmund
D:3:      minmay_razor_zed, layout_rooms

Skill      XL: |  1 |
---------------+----+-----
Necromancy     | 5 |  5.2
Short Blades   | |  0.1
Dodging        | |  2.9
Stealth        | |  3.3
Spellcasting   | |  2.4
Conjurations   | |  0.4
Alchemy        | |  0.5

Action                     |  1- 3 |  4- 6 || total
---------------------------+-------+-------++-------
  Melee: Unarmed           |     3 |       ||     3
         Dagger            |     8 |       ||     8
         Staff             |       |     5 ||     5
   Cast: Necrotise         |     8 |    10 ||    18
         Sting             |    47 |       ||    47
    Use: Scroll            |     7 |       ||     7
 Armour: Robe              |    19 |    10 ||    29
  Dodge: Dodged            |    21 |    11 ||    32
